 Dungeon Crawl Stone Soup version 0.28.0-62-gf88900778d (webtiles) character file.

Game seed: 18149346743968634602

5827414 jjjjhere the Slayer (level 27, 304/317 HPs)
             Began as a Demonspawn Gladiator on Mar 23, 2023.
             Was a High Priest of Okawaru.
             Escaped with the Orb
             ... and 9 runes on Mar 29, 2023!
             The game lasted 03:57:53 (107140 turns).

jjjjhere the Slayer (Demonspawn Gladiator)        Turns: 107140, Time: 03:57:54

Health: 304/317    AC: 40    Str: 27    XL:     27
Magic:  13/13      EV: 17    Int:  8    God:    Okawaru [*****.]
Gold:   7935       SH: 26    Dex: 22    Spells: 34/38 levels left

rFire   + . .      SeeInvis .   D - +7 demon whip (antimagic)
rCold   + . .      Faith    .   O - +2 tower shield {reflect}
rNeg    + + +      Spirit   .   z - +8 gold dragon scales
rPois   +          Reflect  +   (helmet restricted)
rElec   +          Harm     .   P - +0 cloak of Distant Worlds {*Slow rN+++ rCorr MP+9}
rCorr   +          Rampage  .   a - +2 pair of gloves
Will    +++..                   (boots unavailable)
Stlth   ..........              U - amulet of regeneration
HPRegen 1.42/turn               e - ring "Zelux" {Fly rElec rN+ Will+ Dex+4}
MPRegen 0.13/turn               v - ring of the Tortoise {AC+8}

@: flying, studying 3 skills
A: hooves 3, foul stench 3, robust 3, spiny 3, sanguine armour 3, antennae 1,
agile 1, deformed body, deterioration 1, dopey 1, shaggy fur 1, sturdy frame 1
0: Orb of Zot
}: 9/15 runes: decaying, slimy, silver, demonic, glowing, magical, fiery, dark,
gossamer
a: Renounce Religion, Heroism, Finesse, Duel


You escaped.
You worshipped Okawaru.
Okawaru was extremely pleased with you.
You visited 12 branches of the dungeon, and saw 55 of its levels.
You visited Pandemonium 2 times, and saw 11 of its levels.
You visited the Abyss 15 times.
You also visited: Trove, Bailey and Ice Cave.

You collected 8484 gold pieces.
You spent 549 gold pieces at shops.

Inventory:

Hand Weapons
 t - a +6 eveningstar of freezing
 D - a +7 antimagic demon whip (weapon)
 S - the +8 eveningstar "Boddig" {venom, rPois rF- rC+ Dex+8}
   (Okawaru gifted it to you on level 6 of the Lair of Beasts)

   It poisons the flesh of those it strikes.
   Dex:       It affects your dexterity (+8).
   rF:        It makes you vulnerable to fire.
   rC:        It protects you from cold.
   rPois:     It protects you from poison.
Missiles
 d - 4 throwing nets
 l - 5 silver javelins
 s - 16 curare-tipped darts
 w - 4 silver boomerangs
 A - 29 javelins
 B - 4 boomerangs (quivered)
 G - 36 atropa-tipped darts
Armour
 a - a +2 pair of gloves (worn)
 b - a +2 pair of gloves of strength
 z - +8 gold dragon scales (worn)
 O - a +2 tower shield of reflection (worn)
 P - the +0 cloak of Distant Worlds (worn) {*Slow rN+++ rCorr MP+9}
   (Okawaru gifted it to you on level 6 of the Lair of Beasts)

   rN:        It renders you almost immune to negative energy.
   MP:        It affects your magic capacity (+9).
   rCorr:     It protects you from acid and corrosion.
   *Slow:     It may slow you when you take damage.
 Y - the +0 helmet "Iclyebe" {rElec rCorr}
   (You found it in a bailey)

   rElec:     It insulates you from electricity.
   rCorr:     It protects you from acid and corrosion.
Jewellery
 e - the ring "Zelux" (left hand) {Fly rElec rN+ Will+ Dex+4}
   (You took it off a balrug in Pandemonium)

   [ring of willpower]

   Dex:       It affects your dexterity (+4).
   rElec:     It insulates you from electricity.
   rN:        It protects you from negative energy.
   Fly:       It grants you flight.
   Will:      It increases your willpower.
 n - a ring of see invisible
 q - the ring "Xenky" {rF++ AC+4}
   (You took it off an efreet in Pandemonium)

   [ring of protection]

   AC:        It affects your AC (+4).
   rF:        It greatly protects you from fire.
 v - the ring of the Tortoise (right hand) {AC+8}
   (You found it in a treasure trove)

   [ring of protection]

   AC:        It affects your AC (+8).
 C - the ring "Githroogg" {Ice *Corrode rN+ Will++ Stlth+}
   (You found it in a treasure trove)

   [ring of ice]

   It enhances your ice magic.
   rF:        It makes you vulnerable to fire.
   rC:        It protects you from cold.
   rN:        It protects you from negative energy.
   *Corrode:  It may corrode you when you take damage.
   Will:      It greatly increases your willpower.
   Stlth:     It makes you more stealthy.
 E - a ring of protection from cold
 I - a ring of willpower
 Q - the ring of Bearosaa {rF+ Slay+3}
   (You took it off a vault warden on level 5 of the Vaults)

   [ring of protection from fire]

   Slay:      It affects your accuracy & damage with ranged weapons and melee
   (+3).
   rF:        It protects you from fire.
 T - the ring of the Bull {AC+4 Str+3}
   (You found it on level 6 of the Lair of Beasts)

   [ring of protection]

   AC:        It affects your AC (+4).
   Str:       It affects your strength (+3).
 U - an amulet of regeneration (around neck)
Wands
 u - a wand of acid (38)
 x - a wand of flame (142)
 F - a wand of polymorph (40)
 J - a wand of digging (18)
 L - a wand of mindburst (23)
Scrolls
 g - 22 scrolls of teleportation
 p - 13 scrolls of fear
 H - 3 scrolls of magic mapping
 V - 9 scrolls of blinking
 W - a scroll of amnesia
 Z - 8 scrolls of fog
Potions
 f - 11 potions of curing
 h - 5 potions of berserk rage
 i - 3 potions of mutation
 j - 7 potions of might
 k - 9 potions of haste
 m - 7 potions of invisibility
 o - 6 potions of flight
 r - 5 potions of magic
 K - 14 potions of ambrosia
 M - 4 potions of brilliance
 N - 11 potions of heal wounds
 X - 2 potions of cancellation
Miscellaneous
 c - a tin of tremorstones (2/2)
 y - a phial of floods
 R - a condenser vane


   Skills:
 - Level 25.7 Fighting
 - Level 16.0 Maces & Flails
 - Level 14.2 Throwing
 + Level 21.6 Armour
 + Level 18.1 Dodging
 - Level 21.8 Shields
 + Level 6.1 Spellcasting
 - Level 10.9 Transmutations
 - Level 11.0 Earth Magic
 - Level 11.0 Invocations
 - Level 10.7 Evocations


You had 34 spell levels left.
You knew the following spells:

 Your Spells              Type           Power      Damage    Failure   Level
a - Wereblood             Tmut           19%        N/A       4%          2
b - Passwall              Tmut/Erth      16%        N/A       4%          2

Your spell library contained the following spells:

 Spells                   Type           Power      Damage    Failure   Level
 Beastly Appendage        Tmut           38%        N/A       3%          1
 Sandblast                Erth           40%        2d10      3%          1
 Sting                    Tmut/Pois      44%        1d5       30%         1
 Petrify                  Tmut/Erth      20%        N/A       32%         4
 Lee's Rapid Deconstruct  Erth           10%        3d9*      65%         5
 Spider Form              Tmut/Pois      11%        N/A       67%         3
 Blade Hands              Tmut           9%         N/A       67%         5
 Ignite Poison            Fire/Tmut/Pois 8%         N/A       89%         3
 Apportation              Tloc           4%         N/A       96%         1
 Foxfire                  Conj/Fire      8%         2x1d4     96%         1
 Freeze                   Ice            8%         1d3       96%         1
 Magic Dart               Conj           8%         1d3       96%         1
 Pain                     Necr           8%         1d4       96%         1
 Shock                    Conj/Air       8%         1d3       96%         1
 Slow                     Hex            8%         N/A       96%         1
 Ice Form                 Ice/Tmut       11%        N/A       97%         4
 Leda's Liquefaction      Hex/Erth       5%         N/A       97%         4
 Blink                    Tloc           4%         N/A       99%         2
 Corpse Rot               Necr/Air       4%         N/A       99%         2
 Ensorcelled Hibernation  Hex/Ice        4%         N/A       99%         2
 Poisonous Vapours        Pois/Air       4%         N/A       99%         2
 Static Discharge         Conj/Air       2%         N/A       99%         2
 Statue Form              Tmut/Erth      13%        N/A       99%         6
 Confusing Touch          Hex            2%         N/A       100%        3
 Conjure Flame            Conj/Fire      2%         6-21      100%        3
 Dazzling Flash           Conj/Hex       4%         N/A       100%        3
 Frozen Ramparts          Ice            4%         1d2       100%        3
 Inner Flame              Hex/Fire       2%         N/A       100%        3
 Lesser Beckoning         Tloc           2%         N/A       100%        3
 Mephitic Cloud           Conj/Pois/Air  2%         N/A       100%        3
 Ozocubu's Armour         Ice            2%         N/A       100%        3
 Portal Projectile        Hex/Tloc       4%         N/A       100%        3
 Swiftness                Air            2%         N/A       100%        3
 Teleport Other           Tloc           2%         N/A       100%        3
 Vampiric Draining        Necr           2%         2d6       100%        3
 Airstrike                Air            1%         N/A       100%        4
 Anguish                  Hex/Necr       1%         N/A       100%        4
 Dispel Undead            Necr           2%         3d7       100%        4
 Flame Wave               Conj/Fire      2%         2d4       100%        4
 Hailstorm                Conj/Ice       2%         3d3       100%        4
 Iskenderun's Mystic Bla  Conj/Tloc      2%         2d3       100%        4
 Passage of Golubria      Tloc           2%         N/A       100%        4
 Sticky Flame             Conj/Fire      2%         2d3       100%        4
 Agony                    Necr           2%         N/A       100%        5
 Alistair's Intoxication  Tmut/Pois      7%         N/A       100%        5
 Borgnjor's Vile Clutch   Necr/Erth      5%         N/A       100%        5
 Excruciating Wounds      Necr           1%         N/A       100%        5
 Freezing Cloud           Conj/Ice/Air   1%         6-21      100%        5
 Lightning Bolt           Conj/Air       1%         1d12      100%        5
 Manifold Assault         Tloc           2%         N/A       100%        5
 Metabolic Englaciation   Hex/Ice        1%         N/A       100%        5
 Silence                  Hex/Air        1%         N/A       100%        5
 Yara's Violent Unravell  Hex/Tmut       5%         3d4       100%        5
 Conjure Ball Lightning   Conj/Air       1%         3x3d6     100%        6
 Dispersal                Tloc           1%         N/A       100%        6
 Eringya's Noxious Bog    Tmut/Pois      5%         N/A       100%        6
 Iron Shot                Conj/Erth      5%         9d2       100%        6
 Starburst                Conj/Fire      1%         6d3       100%        6
 Enfeeble                 Hex            1%         N/A       100%        7
 Ozocubu's Refrigeration  Ice            1%         4d5       100%        7
 Borgnjor's Revivificati  Necr           1%         N/A       100%        8
 Discord                  Hex            1%         N/A       100%        8
 Disjunction              Tloc           1%         N/A       100%        8
 Lehudib's Crystal Spear  Conj/Erth      5%         10d3      100%        8
 Maxwell's Capacitive Co  Air            1%         ∞         100%        8
 Necromutation            Tmut/Necr      5%         N/A       100%        8
 Death's Door             Necr           1%         N/A       100%        9
 Polar Vortex             Ice            1%         N/A       100%        9
 Animate Armour           Summ/Erth      Unusable   N/A       N/A         4
 Call Imp                 Summ           Unusable   N/A       N/A         2
 Call Canine Familiar     Summ           Unusable   N/A       N/A         3
 Animate Dead             Necr           Unusable   N/A       N/A         4
 Summon Ice Beast         Ice/Summ       Unusable   N/A       N/A         4
 Death Channel            Necr           Unusable   N/A       N/A         6
 Simulacrum               Ice/Necr       Unusable   N/A       N/A         6
 Haunt                    Necr/Summ      Unusable   N/A       N/A         7
 Malign Gateway           Summ/Tloc      Unusable   N/A       N/A         7
 Spellforged Servitor     Conj/Summ      Unusable   N/A       N/A         7
 Summon Hydra             Summ           Unusable   N/A       N/A         7

Dungeon Overview and Level Annotations

Branches:
Dungeon (15/15)            Temple (1/1) D:6            Lair (6/6) D:9
  Swamp (4/4) Lair:2       Spider (4/4) Lair:3        Slime (5/5) Lair:6
    Orc (2/2) D:12            Elf (3/3) Orc:2        Vaults (5/5) D:13
  Crypt (1/3) Vaults:3     Depths (4/4) D:15            Zot (5/5) Depths:4
 Bailey (visited)           IceCv (visited)

Altars:
Ashenzari
Cheibriados
Dithmenos
Elyvilon
Fedhas
Gozag
Hepliaklqana
Kikubaaqudgha
Makhleb
Nemelex Xobeh
Okawaru
Qazlal
Ru
Sif Muna
Trog
Uskayaw
Vehumet
Wu Jian
Xom
Yredelemnul
Zin
The Shining One
Beogh
Jiyva
Lugonu

Shops:
D:1 *   D:5 *   D:6 *   D:7 *   Orc:1 (   Orc:2 :=:[?   Elf:1 *   Elf:2 *
Elf:3 :   Vaults:1 [   Vaults:2 =   Vaults:3 =

Portals:
Hell: Depths:1 Depths:2 Depths:3 Depths:4
Abyss: Lair:6 Depths:2 Depths:3
Pandemonium: Depths:2
Ziggurat: Depths:4

Annotations:
D:11 3 runed translucent doors, ZoeForever1's ghost, journeyman HuGl
D:14 3 runed translucent doors, Cown's ghost, journeyman TrHu
Lair:2 exclusion: oklob plant
Elf:1 exclusion: downstairs
Elf:2 2 runed translucent doors


Innate Abilities, Weirdness & Mutations

You have hooves in place of feet.
You frequently emit foul miasma when damaged in melee.
You are extremely robust. (+30% HP)
You are completely covered in sharp spines.
When seriously injured, your blood forms very thick armour. (AC +0)
You have a pair of small antennae on your head.
You are agile. (Dex +2)
Armour fits poorly on your strangely shaped body.
Your body sometimes deteriorates upon taking damage.
You are dopey. (Int -2)
You are covered in fur. (AC +1)
Your movements are slightly less encumbered by armour. (ER -2)


Message History

Things that are here:
a +0 leather armour; a +0 dagger
There is a stone staircase leading up here.
You fly upwards.
There is a stone staircase leading down here.
A daeva comes into view.
It is wielding a +3 long sword of holy wrath.
Unknown command.
Your extra speed is starting to run out.
You feel yourself slow down.
There is a stone staircase leading up here.
The daeva calls down the wrath of the Shining One upon you.
The Shining One smites you!
You fly upwards.
You feel like a meek peon again.
Your hands slow down.
There is a stone staircase leading down here.
(D) Dungeon (T) Temple (L) Lair (S) Swamp (N) Spider Nest (M) Slime Pits (O) Orcish Mines (E) Elven Halls (V) Vaults (C) Crypt (U) Depths (H) Hell (Z) Zot
Where to? (Enter - D:1 @ (x,y), ? - help) Magic restored.
There is a stone staircase leading up here.
You fly upwards.
There is a stone staircase leading down here.
There is a stone staircase leading up here.
You fly upwards.
There is a stone staircase leading down here.
There is an open door here.
There is a staircase leading out of the dungeon here.
Unknown command.
Enter note: woo
Enter note: pan wasnt too bad
Enter note: abyss sucks. never got the rune
Enter note: early crystal plate helped a lot
Enter note: but swapped out for GDS for the resists
Enter note: oka good as always
Enter note: lost my good helmet to a mutation near the end, too
Enter note:
Okay, then.
You have escaped!

.....# #..#..##.#.##..#.......###
.....# #.###.#8.#.8#.###....^....
.....# #.###.##.#.##.###......###
.....# #(.#..#8.#.8#..#.......# #
.#...# #.....##.#.##.....##...# #
###..# #######8...8########.### #
# ##.####8#8#8#...#8#8#8###.#####
#####...#...............#........
.....##.'.###...@...###.+...#####
####.####...............#...#####
#.# #8#8#8#...#8#8#8##....... #)#
#######8...8######...#####
#.###.....##.#.##.......## #
####...[..#..#8.#.8#..#..### #
.....###.###.##.#.##.###.# #
#.##.##..###.#8.#.8#.###.# #
#....#.#..#..##.#.##..#..# ####


There were no monsters in sight!

Vanquished Creatures
  Cerebov (Pan)
  Dissolution (Slime:3)
  the Royal Jelly (Slime:5)
  Gloorx Vloq (Pan)
  Mnoleg (Pan)
  Lom Lobon (Pan)
  8 orbs of fire
  9 ancient liches
  3 dread liches
  Mennas (Vaults:5)
  A juggernaut (Depths:4)
  Sojobo (Vaults:3)
  4 Killer Klowns
  Saint Roka (Vaults:2)
  2 curse toes
  A caustic shrike (Depths:1)
  The ghost of Jinirch the Black Belt, a veteran OpTm of Cheibriados (Elf:2)
  6 golden dragons
  the Enchantress (Depths:2)
  A profane servitor (Abyss:4)
  4 Brimstone Fiends (Pan)
  3 bone dragons
  A hellephant (Pan)
  4 electric golems
  A Tzitzimitl (D:6)
  An iron giant (Zot:4)
  Jorgrun (Orc:1)
  2 walking crystal tomes
  Rupert (Orc:1)
  A walking earthen tome (Arena)
  17 tentacled monstrosities
  4 titans
  2 Hell Sentinels
  An Ice Fiend (Pan)
  A walking frostbound tome (Depths:1)
  28 Orb Guardians
  Asterion (Lair:3)
  The ghost of Itiap the Eclecticist, an adept DECj of Ashenzari (Elf:3)
  6 liches
  2 deep elf blademasters (Elf:3)
  15 acid blobs
  A walking divine tome (Depths:1)
  7 quicksilver dragons
  4 pandemonium lords
  2 deep elf master archers (Elf:3)
  Gastronok (D:9)
  5 sphinxes
  25 Executioners
  13 death cobs
  24 tentacled starspawn
  15 shadow dragons
  Kirke (Lair:3)
  8 tengu reavers
  Donald (Vaults:2)
  Roxanne (Elf:1)
  A demonspawn warmonger (Pan)
  13 storm dragons
  15 rockslimes
  9 frost giants
  10 draconian monks
  A fenstrider witch (Swamp:3)
  A revenant (Crypt:1)
  11 azure jellies
  6 fire giants
  A daeva (Abyss:3)
  An iron dragon (Depths:3)
  5 emperor scorpions
  7 draconian knights
  9 deep elf sorcerers
  29 vault wardens
  3 orc warlords
  6 ghouls
  4 draconian shifters
  4 draconian scorchers
  22 balrugs (Pan)
  3 deep elf elementalists (Elf:3)
  8 ghost moths
  2 curse skulls (Pan)
  11 cacodemons (Pan)
  6 draconian stormcallers
  2 broodmothers (Spider:1)
  3 reapers (Pan)
  3 demonspawn blood saints (Pan)
  A demonspawn corrupter (Pan)
  3 caustic shrike skeletons
  41 very ugly things
  4 spriggan defenders (Depths:2)
  2 angels (Pan)
  9 quicksilver oozes
  An ophan (Pan)
  21 ironbound preservers
  7 eleionomae
  10 draconian annihilators
  5 vampire knights
  17 stone giants
  14 black draconians
  8 deep elf annihilators
  A demonspawn black sun (Pan)
  Nessos (Orc:2)
  Azrael (Lair:3)
  8 dire elephants
  5 deep elf demonologists
  4 entropy weavers
  14 ironbound thunderhulks
  6 bunyips
  11 green draconians
  An apis (Pan)
  10 purple draconians
  11 yellow draconians
  10 red draconians
  16 white draconians
  6 lorocyprocas
  14 spark wasps
  9 green deaths
  15 blizzard demons
  3 crystal guardians
  9 ettins
  4 jiangshi (Vaults:3)
  10 deep elf death magi
  6 fire dragons
  11 deep elf high priests
  An eidolon (Vaults:3)
  A shambling mangrove (Swamp:4)
  Fannar (D:11)
  16 yaktaur captains
  20 great orbs of eyes
  Erolcha (Orc:2)
  6 boulder beetles
  18 hydras
  2 spriggan air magi
  44 vault guards
  4 peacekeepers
  3 hell beasts (Pan)
  5 ogre magi
  4 rakshasas
  3 ghost crabs
  2 radroaches
  9 ice dragons
  8 ironbound frosthearts
  A jorogumo (Spider:3)
  4 spriggan skeletons
  2 fenstrider witch skeletons (Crypt:1)
  12 alligators
  15 centaur warriors
  24 dancing weapons
  2 death knights
  A catoblepas (Lair:3)
  3 tengu warriors
  6 deep troll shamans
  4 spriggan berserkers
  A vampire mage (Abyss:2)
  5 two-headed ogres
  A titan zombie (Crypt:1)
  14 hell hogs
  4 deep troll earth magi
  An orc high priest (Elf:3)
  56 sun demons
  22 thrashing horrors
  16 soul eaters (Pan)
  7 hell knights
  5 deep elf knights
  13 wretched stars
  5 iron trolls
  2 sun moths (Spider:3)
  22 sixfirhies
  8 skeletal warriors (Crypt:1)
  A storm dragon skeleton (Crypt:1)
  4 spriggan druids
  Nergalle (Lair:4)
  46 deep trolls
  9 orb spiders
  6 spatial maelstroms
  9 shadow wraiths
  7 pharaoh ants
  2 flayed ghosts
  4 goliath frogs
  5 glowing orange brains
  6 shadow demons
  7 steelbarb worms
  2 bunyip skeletons (Pan)
  18 wizards
  9 bog bodies
  16 ironbound convokers
  11 deep elf archers
  8 lindwurms
  11 necromancers
  19 deep elf zephyrmancers
  11 swamp dragons
  9 phantasmal warriors
  10 harpies
  An iron dragon zombie (Crypt:1)
  A mana viper (Abyss:3)
  29 deep elf pyromancers
  7 orc knights
  51 ugly things
  14 orc sorcerers
  17 wolf spiders
  4 cyclopes
  4 worldbinders
  10 shining eyes
  An oklob plant (Lair:4)
  5 manticores
  15 elephants
  28 moths of wrath
  6 will-o-the-wisps
  28 vault sentinels
  A frost giant skeleton (Crypt:1)
  A black mamba (Lair:6)
  Joseph (D:8)
  A fire giant skeleton (Depths:1)
  A titan simulacrum (Abyss:4)
  3 rust devils
  24 smoke demons
  A stone giant skeleton (Pan)
  3 ice statues (IceCv)
  4 apocalypse crabs
  6 eyes of devastation
  2 torpor snails
  11 cane toads
  3 kobold demonologists
  An unseen horror (Depths:2)
  Maggie (Lair:1)
  11 demonic crawlers
  18 hellions
  22 orange demons
  A purple draconian zombie (Crypt:1)
  5 freezing wraiths
  18 yaktaurs
  A black draconian zombie (Crypt:1)
  4 ice devils
  4 rime drakes
  16 efreet
  A tengu conjurer (Depths:1)
  7 komodo dragons
  A minotaur skeleton (Pan)
  A tormentor (Pan)
  An entropy weaver simulacrum (IceCv)
  21 hellwings
  A red devil (D:11)
  11 ancient zymes
  7 trolls
  4 polar bears
  16 meliai
  A hornet (shapeshifter) (D:15)
  32 raiju
  A bloated husk (Swamp:4)
  2 polar bears (shapeshifter)
  81 slime creatures
  A queen bee (Spider:1)
  11 tyrant leeches
  22 hornets
  20 tarantellas
  Prince Ribbit (D:8)
  33 blink frogs
  3 harpy skeletons
  A stone giant simulacrum (Crypt:1)
  A blink frog (shapeshifter) (Vaults:5)
  An ettin zombie (Depths:1)
  17 culicivoras
  A meliai zombie (D:15)
  16 dream sheep
  A fire giant simulacrum (Depths:1)
  2 jumping spiders (shapeshifter)
  2 shadows
  Sigmund (D:4)
  3 air elementals
  22 jumping spiders
  A centaur simulacrum (D:15)
  A culicivora (shapeshifter) (Elf:3)
  15 spriggans
  An ettin skeleton (Crypt:1)
  6 wraiths
  4 vampires
  30 ynoxinuls
  5 water elementals
  A black mamba skeleton (Pan)
  2 wyverns
  38 yaks
  5 fire elementals
  8 fire bats
  14 golden eyes
  15 chaos spawn
  A human (shapeshifter) (Vaults:5)
  48 redbacks
  7 hogs
  11 vampire mosquitoes
  34 neqoxecs
  3 steam dragons
  8 basilisks
  A naga (shapeshifter) (D:13)
  3 spatial vortices
  4 wargs
  3 harpy simulacra
  22 swamp worms
  78 large abominations
  5 hell hounds
  5 naga skeletons
  15 water moccasins
  Duvessa (D:6)
  2 floating eyes
  55 small abominations
  20 orc warriors
  A hornet zombie (D:15)
  2 swamp drakes
  5 sky beasts
  A spriggan simulacrum (Depths:1)
  2 ice beasts
  A sky beast (shapeshifter) (Vaults:5)
  2 black bears
  23 centaurs
  19 ogres
  5 necrophages
  20 wolves
  A blink frog zombie (Crypt:1)
  A phantom (D:5)
  11 kobold brigands
  17 bullfrogs
  A palentonga zombie (Crypt:1)
  9 gnoll sergeants
  2 cane toad simulacra (IceCv)
  4 earth elementals
  A water moccasin zombie (D:5)
  Dowan (D:6)
  A water moccasin skeleton (D:4)
  2 elephant simulacra (IceCv)
  29 killer bees
  6 electric eels
  12 wights
  12 howler monkeys
  A crimson imp (Abyss:2)
  3 quasits
  75 starcursed masses
  2 bullfrog zombies
  6 centaur zombies
  5 hounds
  2 gnoll shamans
  10 orc priests
  2 bullfrog skeletons
  5 iron imps
  9 jellies
  4 centaur skeletons
  3 iguanas
  5 hell rats (Lair:6)
  29 orc wizards
  A scorpion zombie (D:5)
  A wolf simulacrum (IceCv)
  2 killer bee zombies (D:8)
  A hound zombie (D:5)
  A hound skeleton (D:5)
  Robin (D:1)
  A howler monkey zombie (D:7)
  29 gnolls
  13 adders
  A swamp drake skeleton (Crypt:1)
  A swamp drake zombie (Crypt:1)
  7 white imps
  11 ufetubi
  An adder skeleton (D:4)
  3 worms
  2 dart slugs
  63 orcs
  5 ball pythons
  10 bats
  28 endoplasms
  3 giant cockroaches
  27 goblins
  20 hobgoblins
  3 jackals (D:1)
  6 quokkas
  5 frilled lizards
  12 kobolds
  5 rats
  3 lurking horrors
  23 starspawn tentacles
3256 creatures vanquished.

Vanquished Creatures (others)
  2 draconian annihilators
  A vampire knight (Vaults:3)
  2 green deaths (Pan)
  A rakshasa (Depths:1)
  A hydra (Swamp:1)
  A deep elf knight (Elf:2)
  A soul eater (Pan)
  A sixfirhy (Pan)
  A lindwurm (Swamp:4)
  2 wizards (Pan)
  A deep elf zephyrmancer (Elf:1)
  A smoke demon (Pan)
  A hellwing (Pan)
  A tarantella (Spider:2)
  A vampire (Vaults:3)
  A fire bat (Pan)
  2 neqoxecs (Pan)
  An orc (Elf:3)
  6 ball lightnings (Pan)
  2 bushes (Lair:1)
  20 foxfires
  30 fungi
  76 plants
  53 starspawn tentacles
209 creatures vanquished.

Grand Total: 3465 creatures vanquished

Notes
Turn   | Place    | Note
-------+----------+-------------------------------------------
     0 | D:1      | jjjjhere the Demonspawn Gladiator began the quest for the
                  | Orb.
     0 | D:1      | Reached XP level 1. HP: 16/16 MP: 1/1
   332 | D:1      | Gained mutation: You may rarely emit foul miasma when
                  | damaged in melee. [demonic ancestry]
   332 | D:1      | Reached XP level 2. HP: 17/22 MP: 2/2
   777 | D:1      | HP: 7/22 [jackal (3)]
   785 | D:1      | HP: 6/22 [jackal (2)]
  1080 | D:1      | Found Alumoh's General Store.
  1261 | D:1      | Gained mutation: You have large cloven feet. [demonic
                  | ancestry]
  1261 | D:1      | Reached XP level 3. HP: 16/27 MP: 3/3
  1726 | D:2      | HP: 8/27 [poisoned by an adder]
  2048 | D:2      | Noticed Robin
  2048 | D:2      | HP: 7/27 [orc priest/+0 flail (8)]
  2051 | D:2      | Gained mutation: You are partially covered in sharp spines.
                  | [demonic ancestry]
  2051 | D:2      | Reached XP level 4. HP: 9/33 MP: 4/4
  2403 | D:1      | Killed Robin
  2404 | D:1      | Reached skill level 5 in Maces & Flails
  2659 | D:2      | Gained mutation: You are mostly covered in sharp spines.
                  | [demonic ancestry]
  2659 | D:2      | Reached XP level 5. HP: 38/38 MP: 5/5
  2829 | D:2      | Found a faded altar of an unknown god.
  3471 | D:3      | Noticed an ogre
  3476 | D:3      | HP: 9/38 [ogre/+0 giant club (29)]
  3826 | D:3      | Killed an ogre
  3827 | D:3      | Gained mutation: You have hoof-like feet. [demonic
                  | ancestry]
  3827 | D:3      | Reached XP level 6. HP: 24/44 MP: 6/6
  4105 | D:4      | Noticed Sigmund
  4130 | D:4      | Killed Sigmund
  4604 | D:4      | Gained mutation: When seriously injured, your blood forms
                  | armour. (AC +0) [demonic ancestry]
  4604 | D:4      | Reached XP level 7. HP: 50/50 MP: 7/7
  4931 | D:5      | Entered Level 5 of the Dungeon
  5343 | D:5      | Reached XP level 8. HP: 56/56 MP: 8/8
  5879 | D:5      | Reached skill level 10 in Maces & Flails
  6795 | D:6      | Found a staircase to the Ecumenical Temple.
  6799 | D:6      | Reached XP level 9. HP: 61/61 MP: 9/9
  6820 | Temple   | Entered the Ecumenical Temple
  7058 | Temple   | Became a worshipper of Warmaster Okawaru
  7104 | D:6      | Found Pine's General Store.
  7332 | D:6      | Noticed Duvessa
  7333 | D:6      | Noticed Dowan
  7338 | D:6      | Killed Dowan
  7344 | D:6      | HP: 18/61 [Duvessa/+0 short sword (9)]
  7345 | D:6      | Killed Duvessa
  7642 | D:6      | Noticed a kobold demonologist
  7655 | D:6      | Noticed a smoke demon
  7657 | D:6      | Killed a kobold demonologist
  7713 | D:6      | Reached * piety under Okawaru
  7734 | D:6      | Noticed a troll
  7746 | D:6      | Killed a troll
  7979 | D:6      | Got the Collected Works on Unholy Creation
  8555 | D:7      | Reached skill level 1 in Invocations
  8579 | D:7      | Reached ** piety under Okawaru
  8605 | D:7      | Gained mutation: You have hooves in place of feet. [demonic
                  | ancestry]
  8605 | D:7      | Reached XP level 10. HP: 27/67 MP: 12/12
  9099 | D:8      | Noticed Joseph
  9115 | D:8      | Killed Joseph
  9313 | D:8      | Noticed Prince Ribbit
  9339 | D:8      | Killed Prince Ribbit
  9340 | D:8      | Reached skill level 1 in Armour
  9656 | D:8      | Reached *** piety under Okawaru
  9789 | D:8      | Reached skill level 3 in Fighting
 10056 | D:8      | Noticed a white ugly thing
 10064 | D:8      | HP: 11/70 [white ugly thing (17)]
 10065 | D:8      | Killed a white ugly thing
 10726 | D:9      | Found a staircase to the Lair.
 10765 | D:9      | Reached skill level 4 in Fighting
 11256 | D:9      | Reached **** piety under Okawaru
 12030 | D:9      | Noticed Gastronok
 12043 | D:9      | Killed Gastronok
 12044 | D:9      | Reached skill level 5 in Fighting
 12044 | D:9      | Reached skill level 5 in Invocations
 12044 | D:9      | Gained mutation: You sometimes emit foul miasma when
                  | damaged in melee. [demonic ancestry]
 12044 | D:9      | Reached XP level 11. HP: 55/79 MP: 12/15
 12241 | D:9      | Noticed a two-headed ogre
 12254 | D:9      | Killed a two-headed ogre
 12254 | D:9      | Received a gift from Okawaru
 12293 | D:9      | Noticed a two-headed ogre
 12301 | D:9      | Killed a two-headed ogre
 12879 | Lair:1   | Entered Level 1 of the Lair of Beasts
 12888 | Lair:1   | Noticed Maggie
 12911 | Lair:1   | Killed Maggie
 13033 | Lair:1   | Reached ***** piety under Okawaru
 13158 | Lair:1   | Reached skill level 6 in Fighting
 13158 | Lair:1   | Reached skill level 5 in Armour
 13466 | Lair:1   | Received a gift from Okawaru
 13577 | Lair:1   | Identified the +1 scale mail of the Beginning {Int+3}
                  | (Okawaru gifted it to you on level 1 of the Lair of Beasts)
 13577 | Lair:1   | Received a gift from Okawaru
 13697 | Lair:1   | Noticed an eight-headed hydra
 13707 | Lair:1   | Killed an eight-headed hydra
 14009 | Lair:1   | Reached skill level 5 in Throwing
 14647 | Lair:1   | Gained mutation: When seriously injured, your blood forms
                  | thick armour. (AC +0) [demonic ancestry]
 14647 | Lair:1   | Reached XP level 12. HP: 89/89 MP: 18/18
 14770 | Lair:1   | Reached skill level 7 in Fighting
 14898 | Lair:2   | Noticed an eight-headed hydra
 14904 | Lair:2   | Killed an eight-headed hydra
 15691 | Lair:2   | Found a staircase to the Swamp.
 15783 | Lair:2   | Found a blossoming altar of Fedhas.
 16355 | Lair:3   | Found a hole to the Spider Nest.
 16372 | Lair:3   | Identified the +10 crystal plate armour of the Moneychanger
                  | {Str+3 Stlth+} (Okawaru gifted it to you on level 3 of the
                  | Lair of Beasts)
 16372 | Lair:3   | Received a gift from Okawaru
 16648 | Lair:2   | Reached skill level 8 in Fighting
 16696 | Lair:3   | Noticed a seven-headed hydra
 16702 | Lair:3   | Killed a seven-headed hydra
 16785 | Lair:3   | Noticed a catoblepas
 16789 | Lair:3   | Killed a catoblepas
 17610 | Lair:4   | Noticed a four-headed hydra
 17620 | Lair:4   | Killed a four-headed hydra
 17621 | Lair:4   | Reached skill level 9 in Fighting
 17656 | Lair:4   | Noticed Nergalle
 18035 | Lair:4   | Killed Nergalle
 18178 | Lair:4   | Reached XP level 13. HP: 96/101 MP: 19/19
 18863 | Lair:5   | Received a gift from Okawaru
 19597 | Lair:6   | Entered Level 6 of the Lair of Beasts
 19726 | Lair:6   | Reached skill level 10 in Fighting
 20014 | Lair:6   | Identified the +0 cloak of Distant Worlds {*Slow rN+++
                  | rCorr MP+9} (Okawaru gifted it to you on level 6 of the
                  | Lair of Beasts)
 20014 | Lair:6   | Received a gift from Okawaru
 21526 | Lair:6   | Found a corrupted altar of Lugonu.
 21526 | Lair:6   | Found a one-way gate to the infinite horrors of the Abyss.
 21600 | Lair:6   | Identified the ring of the Bull {AC+4 Str+3}
 21685 | Lair:6   | Reached skill level 15 in Maces & Flails
 21686 | Lair:6   | Reached skill level 11 in Fighting
 21829 | Lair:6   | Identified the +8 eveningstar "Boddig" {venom, rPois rF-
                  | rC+ Dex+8} (Okawaru gifted it to you on level 6 of the Lair
                  | of Beasts)
 21829 | Lair:6   | Received a gift from Okawaru
 21896 | Lair:6   | Gained mutation: When seriously injured, your blood forms
                  | very thick armour. (AC +0) [demonic ancestry]
 21896 | Lair:6   | Reached XP level 14. HP: 101/113 MP: 20/20
 21956 | Lair:6   | Found a staircase to the Slime Pits.
 22444 | Lair:6   | Reached skill level 10 in Throwing
 22682 | D:10     | Entered Level 10 of the Dungeon
 22754 | D:10     | Reached ****** piety under Okawaru
 22798 | D:10     | Found a flagged portal.
 22810 | Bailey   | Entered a bailey
 23111 | Bailey   | Noticed an orc warlord
 23139 | Bailey   | HP: 32/114 [orc warlord/bolt (23)]
 23172 | Bailey   | Killed an orc warlord
 23172 | Bailey   | Received a gift from Okawaru
 23675 | Bailey   | Identified the +0 helmet "Iclyebe" {rElec rCorr}
 23691 | Bailey   | Reached skill level 12 in Fighting
 23691 | Bailey   | Reached XP level 15. HP: 122/122 MP: 21/21
 24776 | D:11     | Received a gift from Okawaru
 24879 | D:11     | Noticed Fannar
 24902 | D:11     | HP: 40/122 [Fannar/staff of cold (11)]
 24904 | D:11     | Killed Fannar
 25258 | D:11     | Noticed ZoeForever1's ghost (journeyman HuGl)
 25282 | D:11     | Received a gift from Okawaru
 25318 | D:11     | Found a runed translucent gate.
 25318 | D:11     | Found a runed translucent gate.
 25318 | D:11     | Found a runed translucent gate.
 26641 | D:12     | Found a staircase to the Orcish Mines.
 26804 | Orc:1    | Entered Level 1 of the Orcish Mines
 26908 | Orc:2    | Entered Level 2 of the Orcish Mines
 27107 | Orc:1    | Noticed Jorgrun
 27126 | Orc:1    | Killed Jorgrun
 27127 | Orc:1    | Reached skill level 13 in Fighting
 27127 | Orc:1    | Reached skill level 1 in Shields
 27140 | Orc:1    | Identified the +1 animal skin of Meuwaimyps {Will+}
                  | (Okawaru gifted it to you on level 1 of the Orcish Mines)
 27140 | Orc:1    | Received a gift from Okawaru
 27197 | Orc:1    | Found Riawiarch's Weapon Shop.
 27296 | Orc:1    | Found a frozen archway.
 27336 | IceCv    | Entered an ice cave
 28131 | Orc:2    | Noticed Nessos
 28469 | Orc:2    | Killed Nessos
 28633 | Orc:2    | Found Raloas's Book Boutique.
 28760 | Orc:2    | Noticed Rupert
 28782 | Orc:1    | Killed Rupert
 28998 | Orc:2    | Found a staircase to the Elven Halls.
 29008 | Orc:2    | Found a bloodstained altar of Trog.
 29060 | Orc:2    | Found Yloogam's Jewellery Shop.
 29081 | Orc:2    | Found a radiant altar of Vehumet.
 29081 | Orc:2    | Noticed Erolcha
 29122 | Orc:2    | Cast into level 1 of the Abyss (Erolcha)
 29249 | Abyss:1  | Noticed a tentacled starspawn
 29257 | Abyss:1  | Killed a tentacled starspawn
 29289 | Abyss:1  | HP: 31/123 [wretched star/lance of force (18)]
 29675 | Abyss:1  | Noticed an Executioner
 29686 | Abyss:1  | Killed an Executioner
 29695 | Abyss:1  | Noticed a deep elf sorcerer
 29696 | Orc:2    | Escaped the Abyss
 29701 | Orc:2    | Killed Erolcha
 29806 | Orc:2    | Found Gyruno's Book Boutique.
 29987 | Orc:2    | Found an ancient bone altar of Kikubaaqudgha.
 30171 | Orc:2    | Found Joruf's Antique Armour Boutique.
 30266 | Orc:2    | Found Yssaf's Magic Scroll Shop.
 30274 | Orc:2    | Bought a scroll of identify for 26 gold pieces
 30274 | Orc:2    | Bought a scroll of identify for 26 gold pieces
 30277 | Orc:2    | Bought a scroll of blinking for 97 gold pieces
 30554 | D:12     | HP: 25/124 [??? (22)]
 30559 | D:12     | HP: 15/124 [??? (12)]
 31152 | D:12     | Gained mutation: You are robust. (+10% HP) [demonic
                  | ancestry]
 31152 | D:12     | Reached XP level 16. HP: 124/144 MP: 22/22
 31794 | D:13     | Reached skill level 5 in Shields
 31918 | D:13     | Identified a scroll of acquirement
 31933 | D:12     | Acquired a manual of Shields
 32061 | D:13     | HP: 29/145 [??? (26)]
 32639 | D:13     | Found a gate to the Vaults.
 33406 | Orc:2    | Bought a ring of protection from fire for 400 gold pieces
 33646 | Spider:1 | Entered Level 1 of the Spider Nest
 33775 | Lair:3   | Received a gift from Okawaru
 34139 | Spider:1 | Reached skill level 14 in Fighting
 34462 | Lair:3   | Received a gift from Okawaru
 34587 | Spider:1 | Noticed Asterion
 34604 | Lair:3   | Killed Asterion
 34689 | Spider:1 | Noticed Azrael
 34874 | Lair:3   | Killed Azrael
 35125 | Spider:1 | Noticed Kirke
 35244 | Lair:3   | Killed Kirke
 35407 | Swamp:1  | Entered Level 1 of the Swamp
 35923 | Spider:1 | Reached skill level 10 in Armour
 36962 | Spider:1 | Reached skill level 10 in Shields
 37520 | Spider:1 | Received a gift from Okawaru
 37520 | Spider:1 | Found the +7 Kryia's mail coat {PotionHeal*2 rC+}
 39890 | Spider:3 | Reached XP level 17. HP: 154/154 MP: 23/23
 40772 | Spider:4 | Entered Level 4 of the Spider Nest
 42252 | Spider:4 | Received a gift from Okawaru
 42555 | Spider:4 | Reached skill level 15 in Fighting
 42570 | Spider:4 | HP: 43/156 [emperor scorpion (9)]
 43671 | Spider:4 | Got a gossamer rune of Zot
 44323 | Swamp:1  | Identified the +6 trident "Zegan" {venom, rC- rN+ Str+4
                  | Int+2 Dex-2}
 44855 | Swamp:1  | Paralysed by a hornet for 3 turns
 46238 | Swamp:2  | Identified the +2 ring mail "Carecoq" {Rampage Int+3}
                  | (Okawaru gifted it to you on level 2 of the Swamp)
 46238 | Swamp:2  | Received a gift from Okawaru
 46549 | Swamp:3  | Reached XP level 18. HP: 145/166 MP: 24/24
 46739 | Swamp:2  | Reached skill level 16 in Fighting
 47578 | Swamp:4  | Entered Level 4 of the Swamp
 47882 | Swamp:4  | Noticed a tentacled monstrosity
 47899 | Swamp:4  | Killed a tentacled monstrosity
 48057 | Swamp:4  | Received a gift from Okawaru
 48430 | Swamp:4  | Got a decaying rune of Zot
 48492 | Swamp:4  | Identified the +0 robe of Satisfaction {Int+4}
 49035 | Vaults:1 | Entered Level 1 of the Vaults
 49082 | Vaults:1 | Reached skill level 1 in Evocations
 49424 | Vaults:1 | Received a gift from Okawaru
 49543 | Vaults:1 | Reached skill level 17 in Fighting
 49543 | Vaults:1 | Reached skill level 15 in Shields
 49547 | Vaults:1 | Paralysed by a sphinx for 7 turns
 50275 | Vaults:1 | Identified the +1 cloak "Quibeofi" {+Inv rC+} (Okawaru
                  | gifted it to you on level 1 of the Vaults)
 50275 | Vaults:1 | Received a gift from Okawaru
 50515 | Vaults:1 | Gained mutation: You are completely covered in sharp
                  | spines. [demonic ancestry]
 50515 | Vaults:1 | Reached XP level 19. HP: 163/177 MP: 25/25
 50670 | Vaults:1 | Reached skill level 5 in Evocations
 50771 | Vaults:1 | Found Asuyfit's Antique Armour Shop.
 51433 | Vaults:2 | Noticed Saint Roka
 51451 | Vaults:2 | Killed Saint Roka
 51827 | Vaults:1 | Received a gift from Okawaru
 52156 | Vaults:2 | Reached skill level 18 in Fighting
 52163 | Vaults:2 | Received a gift from Okawaru
 52320 | Vaults:2 | Noticed Donald
 52326 | Vaults:2 | Killed Donald
 52326 | Vaults:2 | Identified the +0 scale mail of Yckugoc {rElec rPois
                  | Slay+2} (Okawaru gifted it to you on level 2 of the Vaults)
 52326 | Vaults:2 | Received a gift from Okawaru
 53292 | Vaults:3 | Found Goetimup's Jewellery Emporium.
 53483 | Vaults:3 | Found a staircase to the Crypt.
 53918 | Vaults:3 | Reached XP level 20. HP: 174/189 MP: 26/26
 55015 | Vaults:3 | Paralysed by a sphinx for 3 turns
 55107 | Vaults:3 | Identified the +1 plate armour of Noxious Mirth {Dex+2}
                  | (Okawaru gifted it to you on level 3 of the Vaults)
 55107 | Vaults:3 | Received a gift from Okawaru
 55235 | Vaults:3 | Reached skill level 19 in Fighting
 56639 | Vaults:4 | Noticed a dread lich
 57410 | Vaults:4 | Identified the +2 robe "Xitan" {rPois rF+ rN+}
 57410 | Vaults:4 | Identified the ring "Puthraeleto" {Wiz Int+6}
 57414 | Vaults:4 | Paralysed by a sphinx for 7 turns
 58576 | D:14     | Received a gift from Okawaru
 58789 | D:14     | Found a runed translucent gate.
 58790 | D:14     | Found a runed translucent gate.
 58790 | D:14     | Found a runed translucent gate.
 58790 | D:14     | Noticed Cown's ghost (journeyman TrHu)
 59025 | D:15     | Entered Level 15 of the Dungeon
 59403 | D:15     | Found a portal to a secret trove of treasure.
 59614 | D:15     | Found a staircase to the Depths.
 59943 | Elf:1    | Entered Level 1 of the Elven Halls
 59957 | Elf:1    | Reached XP level 21. HP: 200/200 MP: 27/27
 60160 | Depths:1 | Entered Level 1 of the Depths
 60339 | Depths:1 | Noticed a caustic shrike
 60350 | Depths:1 | Killed a caustic shrike
 60354 | Depths:1 | Reached skill level 20 in Fighting
 60473 | Depths:1 | Paralysed by something for 3 turns
 60559 | Depths:1 | HP: 56/201 [living spell/divine providence[a walking divine
                  | tome] (15)]
 60565 | Depths:1 | HP: 24/201 [living spell/divine providence[a walking divine
                  | tome] (13)]
 60567 | Arena    | Entered the Arena
 61614 | Depths:1 | Received a gift from Okawaru
 61881 | Depths:1 | Found a gateway to Hell.
 61981 | Depths:2 | You fall into a shaft and drop 2 floors!
 61981 | Depths:4 | Entered Level 4 of the Depths
 61981 | Depths:4 | Found a one-way gateway to a ziggurat.
 62046 | Depths:2 | Received a gift from Okawaru
 62168 | Depths:2 | HP: 60/202 [stone giant (19)]
 62355 | Depths:2 | Noticed the Enchantress
 62426 | Depths:2 | Killed the Enchantress
 62730 | Depths:2 | Received a gift from Okawaru
 62750 | Depths:2 | HP: 66/202 [spark wasp/living lightning (10)]
 62755 | Depths:2 | HP: 65/202 [spriggan air mage/bolt of lightning (7)]
 62760 | Depths:2 | HP: 43/202 [spriggan air mage/the air (16)]
 63406 | Depths:2 | Found a one-way gate leading to the halls of Pandemonium.
 63913 | Depths:2 | Reached skill level 21 in Fighting
 64023 | Depths:2 | Reached skill level 5 in Dodging
 64123 | Depths:2 | Gained mutation: You frequently emit foul miasma when
                  | damaged in melee. [demonic ancestry]
 64123 | Depths:2 | Reached XP level 22. HP: 118/213 MP: 12/28
 64127 | Depths:2 | Received a gift from Okawaru
 64878 | Depths:3 | Found a radiant altar of Vehumet.
 64957 | Depths:3 | Received a gift from Okawaru
 64986 | Depths:3 | HP: 56/213 [spark wasp (17)]
 65169 | Depths:3 | Noticed a golden dragon
 65179 | Depths:3 | Killed a golden dragon
 66159 | Depths:4 | Found a gate to the Realm of Zot.
 66309 | Depths:4 | Reached skill level 10 in Invocations
 66320 | Arena    | Entered the Arena
 66385 | Arena    | Entered the Arena
 66832 | Depths:4 | Noticed a juggernaut
 66845 | Depths:4 | Killed a juggernaut
 67083 | Depths:4 | Found a shadowy altar of Dithmenos.
 67826 | Elf:1    | Reached skill level 15 in Armour
 67961 | Elf:1    | Identified Roxanne's Grimoire of Transmutation
 67961 | Elf:1    | Noticed Roxanne
 67988 | Elf:1    | Killed Roxanne
 68164 | Elf:1    | HP: 65/215 [???[a deep elf demonologist] (33)]
 68169 | Elf:1    | HP: 68/215 [burnt (1)]
 68237 | Elf:1    | Received a gift from Okawaru
 68930 | Elf:2    | Noticed Jinirch's ghost (veteran OpTm)
 68930 | Elf:2    | Found Topt's Assorted Antiques.
 68936 | Elf:2    | Found a runed translucent gate.
 68936 | Elf:2    | Found a runed translucent gate.
 68939 | Elf:2    | Found a runed translucent gate.
 69050 | Elf:2    | Paralysed by an air elemental for 1 turns
 69189 | Elf:2    | Found a runed translucent door.
 69215 | Elf:2    | Found a runed translucent door.
 69324 | Elf:2    | Reached skill level 22 in Fighting
 69778 | Elf:3    | Entered Level 3 of the Elven Halls
 69871 | Elf:3    | Paralysed by an air elemental for 1 turns
 70117 | Elf:3    | Found Waril's Book Emporium.
 70366 | Elf:3    | Identified the +6 spear of the Hierophant {vorpal, rElec
                  | rCorr Int+4 Dex-5}
 70367 | Elf:3    | Identified the +7 battleaxe of Ru's Inspiration {antimagic,
                  | Will+ Str+3 Dex+4}
 70378 | Elf:3    | Received a gift from Okawaru
 70396 | Elf:3    | Reached XP level 23. HP: 175/223 MP: 30/30
 70480 | Elf:3    | HP: 63/223 [deep elf sorcerer/bolt of acid (16)]
 70485 | Elf:3    | HP: 64/223 [poisoned by a deep elf annihilator (poison
                  | arrow)]
 70836 | Elf:3    | Found a runed translucent gate.
 70837 | Elf:3    | Found a runed translucent gate.
 70838 | Elf:3    | Found a runed translucent gate.
 70839 | Elf:3    | Noticed Itiap's ghost (adept DECj)
 70842 | Elf:3    | Found a viscous altar of Jiyva.
 70955 | Elf:3    | Acquired a manual of Fighting
 71442 | Elf:3    | Received a gift from Okawaru
 71600 | Elf:3    | Identified the +0 ring mail of Riyr {rC+++ rCorr Dex-3
                  | SInv}
 71679 | Elf:3    | Identified the +4 flail of the Philosopher {drain, rCorr}
 71696 | Elf:3    | Got Veqogino's Volume of Displacement and Creation
 72337 | Vaults:5 | Entered Level 5 of the Vaults
 72475 | Vaults:4 | Reached skill level 10 in Dodging
 72548 | Vaults:4 | Reached skill level 23 in Fighting
 72638 | Vaults:5 | Got a silver rune of Zot
 72797 | Vaults:5 | Received a gift from Okawaru
 72825 | Vaults:5 | Noticed a dread lich
 72826 | Vaults:5 | Identified the +7 morningstar of the Unliving {vorpal,
                  | Int+3}
 72859 | Vaults:5 | Noticed Mennas
 73138 | Vaults:5 | Reached skill level 24 in Fighting
 73240 | Vaults:5 | Killed a dread lich
 73427 | Vaults:5 | Killed Mennas
 73827 | Vaults:5 | Identified the +8 spear of Sin {speed, rF+ Dex+2}
 73841 | Vaults:5 | Reached XP level 24. HP: 235/238 MP: 30/30
 74457 | Vaults:5 | Identified the +9 flail of the Scorching Spider {vorpal,
                  | rF+ rN+}
 74459 | Vaults:5 | Identified the ring of Bearosaa {rF+ Slay+3}
 74474 | Vaults:5 | Received a gift from Okawaru
 74654 | Vaults:5 | Got the Catalogue of the Lethal Snowflakes
 74659 | Vaults:5 | Identified the +7 quick blade of the Lair of Beasts
                  | {freeze, rF+ Int+6}
 75673 | Slime:1  | Entered Level 1 of the Pits of Slime
 75797 | Slime:2  | Gained mutation: You are weak. (Str -2) [a shining eye]
 75798 | Slime:2  | Gained mutation: You occasionally shout uncontrollably at
                  | your foes. [a shining eye]
 75804 | Slime:2  | Received a gift from Okawaru
 76076 | Slime:3  | You fall into a shaft and drop 1 floor!
 76106 | Slime:3  | Noticed Dissolution
 76120 | Slime:3  | Killed Dissolution
 76186 | Slime:5  | Entered Level 5 of the Pits of Slime
 76340 | Slime:5  | Reached skill level 25 in Fighting
 76593 | Slime:4  | Gained mutation: Your body sometimes deteriorates upon
                  | taking damage. [a shining eye]
 76595 | Slime:4  | Gained mutation: Armour fits poorly on your strangely
                  | shaped body. [a shining eye]
 76699 | Slime:5  | Gained mutation: You tend to lose your temper in combat. [a
                  | shining eye]
 76705 | Slime:5  | Gained mutation: You are dopey. (Int -2) [a shining eye]
 76744 | Slime:5  | Lost mutation: You are weak. (Str -2) [potion of mutation]
 76744 | Slime:5  | Lost mutation: Armour fits poorly on your strangely shaped
                  | body. [potion of mutation]
 76744 | Slime:5  | Gained mutation: You have a somewhat thin skeletal
                  | structure. (Dex +2, Stealth+) [potion of mutation]
 76745 | Slime:5  | Lost mutation: You occasionally shout uncontrollably at
                  | your foes. [potion of mutation]
 76745 | Slime:5  | Lost mutation: You are dopey. (Int -2) [potion of mutation]
 76745 | Slime:5  | Gained mutation: You are dopey. (Int -2) [potion of
                  | mutation]
 76745 | Slime:5  | Gained mutation: You are somewhat resistant to further
                  | mutation. [potion of mutation]
 76800 | Slime:5  | Noticed the Royal Jelly
 78153 | Slime:5  | Identified the +1 ring mail "Gadezu Qoif" {Slay+3 Stlth+}
                  | (Okawaru gifted it to you on level 5 of the Pits of Slime)
 78153 | Slime:5  | Received a gift from Okawaru
 78463 | Slime:5  | Found a viscous altar of Jiyva.
 78825 | Slime:5  | Killed the Royal Jelly
 78894 | Slime:5  | Identified the +7 trident of Mabb {distort, Will+}
 78901 | Slime:5  | Got Ynafraeh's Arcane Arts, Part One
 78930 | Slime:5  | Got a slimy rune of Zot
 79122 | Lair:6   | Voluntarily entered the Abyss.
 79547 | Lair:6   | Escaped the Abyss
 79550 | Lair:6   | Voluntarily entered the Abyss.
 79806 | Abyss:3  | Found a corrupted altar of Lugonu.
 80079 | Abyss:4  | Paralysed by accursed screaming for 1 turns
 80153 | Lair:6   | Escaped the Abyss
 80744 | Crypt:1  | Entered Level 1 of the Crypt
 81200 | Crypt:1  | Noticed a dread lich
 81201 | Crypt:1  | Noticed Sojobo
 81208 | Crypt:1  | Paralysed by an air elemental for 1 turns
 81217 | Crypt:1  | Paralysed by an air elemental for 1 turns
 81331 | Vaults:3 | Killed a dread lich
 81341 | Vaults:3 | Paralysed by an air elemental for 1 turns
 81353 | Vaults:3 | Killed Sojobo
 82076 | Depths:2 | Voluntarily entered the Abyss.
 82128 | Depths:2 | Escaped the Abyss
 82221 | Depths:2 | Voluntarily entered the Abyss.
 82558 | Abyss:3  | Paralysed by accursed screaming for 1 turns
 82712 | Depths:2 | Escaped the Abyss
 83149 | Elf:2    | Killed Jinirch's ghost
 83293 | Elf:3    | Killed Itiap's ghost
 83294 | Elf:3    | Gained mutation: You are very robust. (+20% HP) [demonic
                  | ancestry]
 83294 | Elf:3    | Reached XP level 25. HP: 240/273 MP: 13/30
 83774 | D:15     | You paid a toll of 3 potions of resistance to enter a
                  | treasure trove
 83775 | Trove    | Entered a treasure trove
 83775 | Trove    | Found the ring of the Tortoise {AC+8}
 83780 | Trove    | Identified the ring of Ceysaj {Ice Int+3}
 83799 | Trove    | Identified the amulet of Eqomp {Reflect Harm Regen+ Str-4
                  | Dex-3 SH+5}
 83804 | Trove    | Identified the amulet "Ubyits" {Reflect rElec rF- MP+9
                  | SH+5}
 83807 | Trove    | Identified the ring "Githroogg" {Ice *Corrode rN+ Will++
                  | Stlth+}
 83817 | Trove    | Identified the ring of the Pure Suns {Fly rC+ Int+6 Dex-4}
 83820 | Trove    | Identified the ring "Fipuehoo" {Ice rElec Str+4 Slay+4}
 83996 | Depths:2 | Voluntarily entered the Abyss.
 84107 | Abyss:1  | Noticed an ancient lich
 84121 | Abyss:1  | Killed an ancient lich
 84252 | Depths:2 | Escaped the Abyss
 84409 | Depths:2 | Voluntarily entered the Abyss.
 84615 | Abyss:1  | Paralysed by you for 3 turns
 84692 | Depths:2 | Escaped the Abyss
 84727 | Depths:2 | Voluntarily entered the Abyss.
 85222 | Depths:2 | Escaped the Abyss
 85230 | Depths:2 | Voluntarily entered the Abyss.
 85420 | Abyss:3  | Noticed an ancient lich
 85426 | Abyss:3  | Killed an ancient lich
 85691 | Depths:2 | Escaped the Abyss
 85740 | Depths:2 | Voluntarily entered the Abyss.
 85750 | Abyss:1  | Found a corrupted altar of Lugonu.
 85942 | Depths:2 | Escaped the Abyss
 85944 | Depths:2 | Voluntarily entered the Abyss.
 85947 | Depths:2 | Escaped the Abyss
 85949 | Depths:2 | Voluntarily entered the Abyss.
 85974 | Abyss:1  | Found a corrupted altar of Lugonu.
 86088 | Abyss:1  | Paralysed by accursed screaming for 1 turns
 86093 | Abyss:1  | Paralysed by accursed screaming for 1 turns
 86124 | Depths:2 | Escaped the Abyss
 86161 | Depths:2 | Voluntarily entered the Abyss.
 86212 | Depths:2 | Escaped the Abyss
 86272 | Depths:2 | Voluntarily entered the Abyss.
 86808 | Depths:2 | Escaped the Abyss
 86900 | Pan      | Entered Pandemonium
 86900 | Pan      | Noticed Gyod the pandemonium lord
 86902 | Pan      | Gained mutation: You are weak. (Str -2) [a neqoxec]
 86903 | Pan      | Received a gift from Okawaru
 86917 | Pan      | Killed Gyod the pandemonium lord
 87054 | Pan      | Got the Tome of Poison and Moulding
 87055 | Pan      | Identified the +3 falchion "Widowmaker" {vorpal, rCorr
                  | Dex+4}
 87061 | Pan      | Lost mutation: You are weak. (Str -2) [potion of mutation]
 87061 | Pan      | Lost mutation: You have a somewhat thin skeletal structure.
                  | (Dex +2, Stealth+) [potion of mutation]
 87061 | Pan      | Lost mutation: Your body sometimes deteriorates upon taking
                  | damage. [potion of mutation]
 87061 | Pan      | Gained mutation: Your magical capacity is low. (-10% MP)
                  | [potion of mutation]
 87061 | Pan      | Gained mutation: You are agile. (Dex +2) [potion of
                  | mutation]
 87062 | Pan      | Lost mutation: You are somewhat resistant to further
                  | mutation. [potion of mutation]
 87062 | Pan      | Lost mutation: You are dopey. (Int -2) [potion of mutation]
 87062 | Pan      | Lost mutation: You are agile. (Dex +2) [potion of mutation]
 87062 | Pan      | Gained mutation: Your spells are a little harder to cast,
                  | but a little more powerful. [potion of mutation]
 87063 | Pan      | Lost mutation: Your spells are a little harder to cast, but
                  | a little more powerful. [potion of mutation]
 87063 | Pan      | Lost mutation: You tend to lose your temper in combat.
                  | [potion of mutation]
 87063 | Pan      | Lost mutation: Your magical capacity is low. (-10% MP)
                  | [potion of mutation]
 87063 | Pan      | Gained mutation: Your body sometimes deteriorates upon
                  | taking damage. [potion of mutation]
 87063 | Pan      | Gained mutation: You sometimes lose the ability to read
                  | scrolls when taking damage. [potion of mutation]
 87063 | Pan      | Gained mutation: Your flesh is heat resistant. (rF+)
                  | [potion of mutation]
 87064 | Pan      | Lost mutation: Your body sometimes deteriorates upon taking
                  | damage. [potion of mutation]
 87064 | Pan      | Lost mutation: Your flesh is heat resistant. (rF+) [potion
                  | of mutation]
 87064 | Pan      | Gained mutation: Your muscles are strong. (Str +2) [potion
                  | of mutation]
 87064 | Pan      | Gained mutation: You are strong-willed. (Will+) [potion of
                  | mutation]
 87064 | Pan      | Gained mutation: You are agile. (Dex +2) [potion of
                  | mutation]
 87313 | Pan      | Reached skill level 10 in Evocations
 87328 | Pan      | Noticed Wovejusa the pandemonium lord
 87362 | Pan      | Killed Wovejusa the pandemonium lord
 87511 | Pan      | Gained mutation: You occasionally shout uncontrollably at
                  | your foes. [a neqoxec]
 87537 | Pan      | Received a gift from Okawaru
 87704 | Pan      | Lost mutation: You are agile. (Dex +2) [a cacodemon]
 87725 | Pan      | Gained mutation: Your body sometimes deteriorates upon
                  | taking damage. [a neqoxec]
 87874 | Pan      | Gained mutation: Your spells are a little easier to cast,
                  | but a little less powerful. [a cacodemon]
 87994 | Pan      | Gained mutation: You are clumsy. (Dex -2) [a neqoxec]
 88241 | Pan      | Lost mutation: You are clumsy. (Dex -2) [potion of
                  | mutation]
 88241 | Pan      | Lost mutation: Your body sometimes deteriorates upon taking
                  | damage. [potion of mutation]
 88241 | Pan      | Gained mutation: Your system is resistant to poisons.
                  | (rPois) [potion of mutation]
 88328 | Pan      | Gained mutation: You passively map a small area around you.
                  | [a neqoxec]
 88423 | Pan      | Gained mutation: Your spells are easier to cast, but less
                  | powerful. [a neqoxec]
 88626 | Pan      | Got a demonic rune of Zot
 88937 | Pan      | Noticed Igaq the pandemonium lord
 88967 | Pan      | Killed Igaq the pandemonium lord
 88992 | Pan      | Learned a level 2 spell: Wereblood
 88995 | Pan      | Learned a level 2 spell: Passwall
 89013 | Pan      | Found a transporter.
 89036 | Pan      | Received a gift from Okawaru
 89155 | Pan      | Entered the realm of Lom Lobon.
 89167 | Pan      | Reached skill level 1 in Transmutations
 89180 | Pan      | Reached skill level 1 in Earth Magic
 89190 | Pan      | Reached skill level 1 in Spellcasting
 89455 | Pan      | Found an exit through the horrors of the Abyss.
 89912 | Pan      | Noticed Lom Lobon
 89965 | Pan      | Killed Lom Lobon
 90031 | Pan      | Got a magical rune of Zot
 90195 | Pan      | Identified the +8 hand crossbow of Vicat {speed, rF+}
                  | (Okawaru gifted it to you in Pandemonium)
 90195 | Pan      | Received a gift from Okawaru
 90229 | Depths:2 | Escaped Pandemonium
 90232 | Pan      | Entered Pandemonium
 90281 | Pan      | Entered the realm of Gloorx Vloq.
 90516 | Pan      | Found an exit through the horrors of the Abyss.
 91261 | Pan      | Reached XP level 26. HP: 279/284 MP: 13/30
 91438 | Pan      | HP: 77/284 [phantasmal warrior[a curse skull] (18)]
 91596 | Pan      | Received a gift from Okawaru
 91932 | Pan      | Received a gift from Okawaru
 91950 | Pan      | Noticed Gloorx Vloq
 91976 | Pan      | Killed Gloorx Vloq
 91994 | Pan      | Got a dark rune of Zot
 92063 | Pan      | Identified the +1 cloak of Xiakoafu {-Cast rElec Str+4
                  | Dex+5} (Okawaru gifted it to you in Pandemonium)
 92063 | Pan      | Received a gift from Okawaru
 92115 | Pan      | Entered the realm of Mnoleg.
 92148 | Pan      | Reached skill level 5 in Transmutations
 92192 | Pan      | Reached skill level 5 in Earth Magic
 92209 | Pan      | Noticed Mnoleg
 92269 | Pan      | Killed Mnoleg
 92292 | Pan      | Gained mutation: Armour fits poorly on your strangely
                  | shaped body. [a neqoxec]
 92298 | Pan      | Got a glowing rune of Zot
 92382 | Pan      | Noticed Todot the pandemonium lord
 92480 | Pan      | Entered the realm of Cerebov.
 92480 | Pan      | Found the +6 sword of Cerebov {flame}
 92480 | Pan      | Noticed Cerebov
 92880 | Pan      | HP: 76/284 [??? (38)]
 93073 | Pan      | Reached skill level 15 in Dodging
 93569 | Pan      | Found an exit through the horrors of the Abyss.
 93922 | Pan      | Identified the ring "Xenky" {rF++ AC+4}
 93946 | Pan      | Identified the +6 quarterstaff of jjjjhere's Peril {spect,
                  | *Noise rElec rPois Dex-5}
 93946 | Pan      | Identified the ring "Zelux" {Fly rElec rN+ Will+ Dex+4}
 94456 | Pan      | Identified the ring of the Solstice {rC- Int+6 Dex+6 SInv}
 94495 | Pan      | Identified the +1 plate armour "Oxkyduak" {rC+ MP+9}
 94564 | Pan      | Killed Cerebov
 94564 | Pan      | Received a gift from Okawaru
 94614 | Pan      | Identified the +6 fustibalus "Worm" {freeze, Will+ Str-3
                  | Int+7}
 94625 | Pan      | Got the Handbook of the Frigorific Voyage
 94696 | Pan      | Got a fiery rune of Zot
 94768 | Pan      | Identified the +4 robe "Boschy" {-Cast Str+2 Dex+3 Stlth+}
                  | (Okawaru gifted it to you in Pandemonium)
 94768 | Pan      | Received a gift from Okawaru
 94839 | Pan      | Took an exit into the Abyss.
 94839 | Abyss:1  | Escaped into the Abyss
 95377 | Depths:2 | Escaped the Abyss
 95475 | Zot:1    | Entered Level 1 of the Realm of Zot
 95569 | Zot:1    | Identified the +2 ring mail "Emih" {Str+2}
 96560 | Zot:1    | Gained mutation: You are extremely robust. (+30% HP)
                  | [demonic ancestry]
 96560 | Zot:1    | Reached XP level 27. HP: 165/317 MP: 13/30
 97377 | Zot:2    | Noticed an orb of fire
 97386 | Zot:2    | Gained mutation: You are dopey. (Int -2) [an orb of fire]
 97389 | Zot:2    | Gained mutation: Your body sometimes deteriorates upon
                  | taking damage. [an orb of fire]
 97405 | Zot:2    | Killed an orb of fire
 98429 | Zot:2    | Received a gift from Okawaru
 99998 | Zot:4    | Noticed an ancient lich
100276 | Zot:3    | Killed an ancient lich
100653 | Zot:4    | Noticed an orb of fire
100679 | Zot:4    | Killed an orb of fire
100907 | Zot:4    | Received a gift from Okawaru
101590 | Zot:3    | Identified the +3 mace "Kaqybit" {vamp, Will+++ Int-4
                  | Dex+6} (Okawaru gifted it to you on level 3 of the Realm of
                  | Zot)
101590 | Zot:3    | Received a gift from Okawaru
101761 | Zot:4    | Noticed an orb of fire
102462 | Zot:4    | Noticed an orb of fire
102489 | Zot:4    | Lost mutation: Your system is resistant to poisons. (rPois)
                  | [an orb of fire]
102490 | Zot:4    | Killed an orb of fire
102837 | Zot:4    | Gained mutation: Your body often deteriorates upon taking
                  | damage. [an orb of fire]
102838 | Zot:4    | Killed an orb of fire
102987 | Zot:4    | Lost mutation: Your body often deteriorates upon taking
                  | damage. [potion of mutation]
102987 | Zot:4    | Lost mutation: You passively map a small area around you.
                  | [potion of mutation]
102987 | Zot:4    | Gained mutation: Your movements are slightly less
                  | encumbered by armour. (ER -2) [potion of mutation]
102987 | Zot:4    | Gained mutation: You have a pair of small antennae on your
                  | head. [potion of mutation]
102988 | Zot:4    | Lost mutation: Armour fits poorly on your strangely shaped
                  | body. [potion of mutation]
102988 | Zot:4    | Lost mutation: Your spells are easier to cast, but less
                  | powerful. [potion of mutation]
102988 | Zot:4    | Lost mutation: Your spells are a little easier to cast, but
                  | a little less powerful. [potion of mutation]
102989 | Zot:4    | Lost mutation: Your muscles are strong. (Str +2) [potion of
                  | mutation]
102989 | Zot:4    | Lost mutation: You sometimes lose the ability to read
                  | scrolls when taking damage. [potion of mutation]
102989 | Zot:4    | Gained mutation: You are agile. (Dex +2) [potion of
                  | mutation]
102989 | Zot:4    | Gained mutation: Potions are less effective at restoring
                  | your health. [potion of mutation]
102990 | Zot:4    | Lost mutation: You are dopey. (Int -2) [potion of mutation]
102990 | Zot:4    | Lost mutation: Your body sometimes deteriorates upon taking
                  | damage. [potion of mutation]
102990 | Zot:4    | Lost mutation: You are strong-willed. (Will+) [potion of
                  | mutation]
102990 | Zot:4    | Lost mutation: Potions are less effective at restoring your
                  | health. [potion of mutation]
102990 | Zot:4    | Lost mutation: You occasionally shout uncontrollably at
                  | your foes. [potion of mutation]
102990 | Zot:4    | Gained mutation: You are covered in fur. (AC +1) [potion of
                  | mutation]
103011 | Zot:5    | Entered Level 5 of the Realm of Zot
103117 | Zot:5    | Received a gift from Okawaru
103977 | Zot:4    | Received a gift from Okawaru
104123 | Zot:5    | Reached skill level 10 in Earth Magic
104443 | Zot:5    | Reached skill level 10 in Transmutations
104755 | Zot:5    | Noticed an ancient lich
104787 | Zot:5    | Killed an ancient lich
104787 | Zot:5    | Received a gift from Okawaru
104803 | Zot:5    | Noticed an ancient lich
104803 | Zot:5    | Noticed an ancient lich
104854 | Zot:4    | Killed an ancient lich
105187 | Zot:5    | Killed an ancient lich
105216 | Zot:5    | Noticed a dread lich
105222 | Zot:5    | Paralysed by a dread lich for 3 turns
105237 | Zot:5    | Killed a dread lich
105367 | Zot:5    | Noticed an orb of fire
105523 | Zot:5    | Noticed an orb of fire
105553 | Zot:5    | Killed an orb of fire
105553 | Zot:5    | Received a gift from Okawaru
105582 | Zot:5    | Noticed an ancient lich
105582 | Zot:5    | Noticed an orb of fire
105597 | Zot:5    | Gained mutation: Your body sometimes deteriorates upon
                  | taking damage. [an orb of fire]
105606 | Zot:5    | Gained mutation: You are dopey. (Int -2) [an orb of fire]
105611 | Zot:5    | Killed an orb of fire
105627 | Zot:5    | Killed an ancient lich
105678 | Zot:5    | Noticed an orb of fire
105709 | Zot:5    | Killed an orb of fire
105724 | Zot:5    | Gained mutation: Armour fits poorly on your strangely
                  | shaped body. [an orb of fire]
105732 | Zot:5    | Noticed an ancient lich
105755 | Zot:5    | Killed an orb of fire
105761 | Zot:5    | Killed an ancient lich
106123 | Zot:5    | Reached skill level 5 in Spellcasting
106381 | Zot:5    | Noticed an ancient lich
106397 | Zot:5    | Killed an ancient lich
106404 | Zot:5    | Got the Orb of Zot
106430 | Zot:5    | Received a gift from Okawaru
106896 | D:10     | Noticed Ezie the pandemonium lord
106903 | D:10     | Noticed Zosashi the pandemonium lord
106945 | D:9      | Killed Ezie the pandemonium lord
107040 | D:6      | Received a gift from Okawaru
107139 | D:1      | woo
107139 | D:1      | pan wasnt too bad
107139 | D:1      | abyss sucks. never got the rune
107139 | D:1      | early crystal plate helped a lot
107139 | D:1      | but swapped out for GDS for the resists
107139 | D:1      | oka good as always
107139 | D:1      | lost my good helmet to a mutation near the end, too
107140 | D:$      | Escaped with the Orb!

Illustrated notes

.....# #..#..##.#.##..#.......###
.....# #.###.#8.#.8#.###....^....
.....# #.###.##.#.##.###......###
.....# #(.#..#8.#.8#..#.......# #
.#...# #.....##.#.##.....##...# #
###..# #######8...8########.### #
# ##.####8#8#8#...#8#8#8###.#####
#####...#...............#........
.....##.'.###...@...###.+...#####
####.####...............#...#####
#.# #8#8#8#...#8#8#8##....... #)#
#######8...8######...#####
#.###.....##.#.##.......## #
####...[..#..#8.#.8#..#..### #
.....###.###.##.#.##.###.# #
#.##.##..###.#8.#.8#.###.# #
#....#.#..#..##.#.##..#..# ####


Turn 107139 on D:1: woo

Levels and vault maps discovered:
D:1:      heliophobic_arrival_ceremonial_halls, layout_loops_ring, serial_shops,
          nicolae_square_shop
D:2:      layout_rooms, shapermc_ecumenical_altar_hornbeckon,
          lexackson_kobold_supper, uniq_robin
D:3:      layout_basic, nicolae_elevator_lobby_asterisk
D:4:      layout_basic, chequers_serial_rivers_marsh, minmay_bent, uniq_sigmund
D:5:      layout_loops_corners, grunt_ministairs_13, kennysheep_generic_room_12
D:6:      hangedman_cross_stitches, layout_rooms, minmay_temple_entry_mist,
          serial_shops, nicolae_shop_temple_entry_statues_fountains,
          uniq_duvessa
D:7:      layout_rooms, hangedman_misty_isle
D:8:      layout_basic, elyvilon_altar_3, minmay_manual_monstrance, uniq_joseph,
          uniq_prince_ribbit1
D:9:      wad_river_or_something, layout_stronghold, lair_entry_dummy,
          chequers_serial_rivers_large_b, uniq_gastronok
D:10:     layout_roguey, enter_bailey_2
D:11:     layout_grid_maze, maelrawn_ghost_gauntlet_escape,
          serial_co_window_serial, co_window_paths_b, co_window_paths_a,
          co_window_paths_a, co_window_paths_a, co_window_paths_a,
          co_window_corner_cb, co_window_paths_c, co_window_cross_3,
          co_window_unsneaky_path_d, co_window_paths_c, co_window_paths_e,
          glass_columns_a, glass_columns_a, glass_columns_b, glass_columns_b,
          uniq_fannar
D:12:     layout_roguey, kennysheep_orc_monster_closet_entryway,
          serial_park_tiny_2, kennysheep_island_fort
D:13:     layout_loops_cross, erik_vaults_1
D:14:     minmay_stepped, layout_long_grid, minmay_misc_feat_roman,
          gammafunk_ghost_hydra_chop
D:15:     grunt_enter_depths_magical_seal, layout_loops_ring, enter_trove_2,
          minmay_fountain_box, serial_park_tiny_pond
Temple:   mainiacjoe_temple_archimedes_tessellation
Lair:1:   layout_loops_ring, nicolae_lair_grazing_beasts
          [nicolae_sub_lair_graze_edge, nicolae_sub_lair_graze_edge,
          nicolae_sub_lair_graze_edge, nicolae_sub_lair_graze_edge], uniq_maggie
Lair:2:   layout_regular_city, skrybe_swamp_entry_bodies,
          grunt_forest_stairs_basic, tgw_fedhas
Lair:3:   layout_loops_ring, spider_nest_entry_a, nicolae_quartered_pool_medium,
          patterned_corridor
Lair:4:   layout_roguey, minivault_19, chequers_serial_rivers_room_b,
          uniq_nergalle
Lair:5:   lemuel_slime, layout_misc_corridors, st_stairs_13
Lair:6:   hellmonk_lair_end_abyssal_woods, layout_gridlike,
          nicolae_slime_entry_slimehenge, grunt_megastairs_3
Swamp:1:  layout_basic_swamp, nicolae_swamp_ascending_descending, swamp_pool2
Swamp:2:  layout_falls_marsh, evilmike_swamp_ruin_house_4
Swamp:3:  nicolae_swamp_standing_stones, layout_basic_swamp,
          evilmike_swamp_ruin_house_5, infiniplex_staircase_pool
Swamp:4:  swamp_alternative, layout_basic_swamp, swamp_pool3,
          infiniplex_staircase_pool_2
Spider:1: layout_spider_delve, special_room [special_room_bee], uniq_asterion,
          uniq_azrael, uniq_kirke
Spider:2: layout_spider_delve
Spider:3: layout_spider_delve, hangedman_spider_mandibles, drop_trap
Spider:4: spider_rune_water
Slime:1:  layout_caves
Slime:2:  layout_caves, cheibrodos_slime_lost_civilization_5
Slime:3:  layout_caves, uniq_dissolution
Slime:4:  layout_caves
Slime:5
Orc:1:    layout_caves, portal_ice_cave_entry_animals_and_master, serial_shops,
          nicolae_shop_temple_entry_statues_fountains, uniq_jorgrun
Orc:2:    kennysheep_orc_mage_school, layout_caves, serial_shops,
          nicolae_diamond_shop, basic_altar, nicolae_orc_flooded_monolith,
          nicolae_orc_tapped_out, uniq_rupert, uniq_nessos
Elf:1:    eino_elf_arrival_sip, layout_loops_cross, minmay_elf_demonology,
          minivault_5, uniq_roxanne
Elf:2:    elven_hall_of_blades_hangedman_original
          [nicolae_blade_entry_splitting_headache], layout_gridlike,
          serial_shops, shop, gammafunk_ghost_split
Elf:3:    minmay_elf_hall_x, layout_loops_cross, gammafunk_ghost_ooze,
          serial_shops, nicolae_shop_waterfront
Vaults:1: nicolae_vaults_yaktaur_gun_rack, v_misc_28, v_misc_32,
          vaults_standard_mumra_lines, vaults_mumra_chevron,
          vaults_room_ringed_pool, hangedman_vaults_locks,
          nicolae_vaults_angled_halls, hangedman_vaults_stitches,
          nicolae_vaults_little_squares_3, grunt_vaults_hallway_short,
          layout_vaults_omnibox, serial_shops, shop
Vaults:2: grunt_vaults_funnel, vaults_mumra_hex, v_misc_25,
          dpeg_vaults_monster_row, v_misc_9, v_alt_pattern_5,
          vaults_standard_mumra_enter_the_diamond, nicolae_vaults_murderbox,
          layout_vaults_chaotic_city, uniq_donald, uniq_margery, uniq_saint_roka
Vaults:3: v_misc_5, vaults_mumra_minichess, nicolae_vaults_stairing_the_circle,
          minmay_crypt_entry_vampire_xt, v_rooms_6, vaults_room_corners,
          v_misc_2, layout_vaults_omnigrid, serial_shops, shop
Vaults:4: hangedman_vaults_cutoff, grunt_vaults_twisty, v_misc_11,
          grunt_vaults_hallway_short, v_misc_12, ontoclasm_vaults_ring_large,
          nicolae_vaults_disjoint_gnomons, ontoclasm_vaults_decontamination,
          st_spiral_rooms, v_misc_16, vaults_dpeg_cross, v_misc_31,
          v_alt_pattern_3, serial_ice_g, nicolae_vaults_specimen_jars,
          layout_vaults_ring
Vaults:5: uniq_mennas
Crypt:1:  layout_rooms, uniq_sojobo
Depths:1: minmay_complete_graph, layout_gridlike, hell_entry,
          lemuel_old_faithful
Depths:2: minmay_octo_star, layout_long_grid, minmay_room_of_horrors,
          hell_entry, corexii_leaking_fountain, grunt_pan_entry_in_and_out,
          minmay_staircase_bubble, uniq_enchantress
Depths:3: kennysheep_big_flooded_room, layout_basic, grunt_hell_entry_dis_old,
          abyss_entry, roderic_serpentine_path, vehumet_crystals,
          infiniplex_staircase_door_maze
Depths:4: evilmike_zot_entry_argh, layout_gridlike, enter_ziggurat_a,
          grunt_dithmenos_smoke_and_mirrors, hangedman_coc_ice_floe,
          grunt_decor_mini_mirrors
Zot:1:    layout_twisted_circle, nicolae_lava_and_water, grunt_megastairs_2
Zot:2:    layout_misc_corridors, lemuel_flame_loot_1, grunt_megastairs_4
Zot:3:    layout_concentric_octagons, grunt_ministairs_15
Zot:4:    ebering_klown_carousel, layout_basic, st_stairs_11, skrybe_zot_glass_2
Zot:5:    layout_basic

Skill      XL: |  1  2  3  4  5  6  7  8  9 10 11 12 13 14 15 16 17 18 19 20 21 22 23 24 25 26 27 |
---------------+----------------------------------------------------------------------------------+-----
Maces & Flails | 3 4 5 6 7 9 11 13 14 15 16 | 16.0
Invocations    | 3 5 8 9 10 11 | 11.0
Armour         | 4 5 8 9 10 11 13 14 15 17 18 19 21 | 21.6
Fighting       | 5 6 9 11 12 13 14 15 17 18 19 21 22 24 25 | 25.7
Throwing       | 3 5 7 9 11 13 14 | 14.2
Dodging        | 4 5 9 11 13 14 15 18 | 18.1
Shields        | 4 11 13 15 16 17 19 20 21 | 21.8
Evocations     | 4 8 9 10 | 10.7
Transmutations | 4 7 10 | 10.9
Earth Magic    | 4 7 11 | 11.0
Spellcasting   | 2 6 |  6.1

Action                   |  1- 3 |  4- 6 |  7- 9 | 10-12 | 13-15 | 16-18 | 19-21 | 22-24 | 25-27 || total
-------------------------+-------+-------+-------+-------+-------+-------+-------+-------+-------++-------
Melee: Flail             |   137 |    88 |       |       |       |       |       |       |       ||   225
       Punch             |     1 |     2 |       |     7 |    12 |       |       |       |       ||    22
       Kick              |     9 |    24 |    65 |   107 |   351 |   530 |   667 |  1214 |  2218 ||  5185
       Morningstar       |       |     3 |   185 |   385 |   899 |    78 |       |       |       ||  1550
       Eveningstar       |       |       |       |       |    67 |  1175 |  1399 |  2185 |  1458 ||  6284
       Demon whip        |       |       |       |       |       |    35 |    11 |   163 |  2743 ||  2952
Throw: Throwing net      |       |     2 |     1 |     2 |       |       |       |       |     1 ||     6
       Boomerang         |       |       |       |   153 |   106 |   106 |   189 |    40 |   290 ||   884
       Dart              |       |       |       |     3 |    31 |    81 |       |    10 |       ||   125
       Javelin           |       |       |       |       |       |    46 |    41 |   108 |    39 ||   234
 Cast: Wereblood         |       |       |       |       |       |       |       |       |     1 ||     1
Invok: Heroism           |       |       |       |    14 |    18 |    16 |    13 |    31 |    31 ||   123
       Finesse           |       |       |       |       |     4 |     4 |     3 |     4 |    15 ||    30
       Duel              |       |       |       |       |       |       |     1 |     2 |       ||     3
Evoke: Wand              |       |       |    13 |       |       |     1 |       |     4 |       ||    18
       Condenser vane    |       |       |       |       |     2 |     1 |     3 |     3 |     1 ||    10
       Tin of tremorston |       |       |       |       |       |     2 |     7 |     3 |       ||    12
       Phial of floods   |       |       |       |       |       |       |     1 |       |       ||     1
  Use: Scroll            |       |       |     8 |     6 |    13 |     5 |     2 |    17 |    24 ||    75
       Potion            |       |       |       |       |     3 |     1 |     2 |     5 |    16 ||    27
 Stab: Sleeping          |     1 |       |       |       |       |       |       |       |       ||     1
       Held in net/web   |       |     2 |       |       |       |       |       |       |       ||     2
       Confused          |       |       |       |       |       |       |     3 |     3 |       ||     6
       Distracted        |       |       |       |       |       |       |       |     2 |       ||     2
Armor: Leather armour    |    53 |    16 |       |       |       |       |       |       |       ||    69
       Chain mail        |       |     5 |   112 |   155 |       |       |       |       |       ||   272
       Crystal plate arm |       |       |       |    56 |   778 |   941 |   611 |    50 |       ||  2436
       Gold dragon scale |       |       |       |       |       |       |       |   905 |  1479 ||  2384
Dodge: Dodged            |   112 |    38 |    58 |   140 |   204 |   333 |   210 |   539 |   851 ||  2485
       Repelled          |       |       |       |     2 |     6 |     6 |       |       |       ||    14
Block: Kite shield       |       |       |       |       |   129 |  1040 |   495 |       |       ||  1664
       Tower shield      |       |       |       |       |       |       |   507 |  2319 |  3449 ||  6275
       Reflection        |       |       |       |       |       |       |    76 |   115 |    59 ||   250
